Map: Ephemeron LE

Players

Seismic

  • Race: Zerg Zerg
  • League: Gold
  • Spawn Location: 11:00

A.I. 1 (Very Easy) - Winner!

  • Race: Zerg Zerg
  • Spawn Location: 5:00

VOD

Have the link to the VOD?

Description

Time

  • Played on: Dec. 31, 2019, 3:39 p.m.
  • Length: 9:44
Show
View Real Time Build Order
Export as new Build Order

Seismic Zerg 

Build Orders: Hatch First 

Get SALT Encoding   

  12  0:01  Drone  
  13  0:12  Overlord  
  13  0:18  Drone  
  14  0:31  Drone x2  
  14  0:34  Drone  
  17  0:55  Hatchery  
  17  0:57  Drone  
  17  1:02  Drone  
  18  1:09  Drone  
  19  1:19  Spawning Pool  
  19  1:20  Drone  
  19  1:28  Drone  
  20  1:35  Extractor  
  19  1:52  Drone  
  21  1:54  Drone  
  21  2:01  Overlord  
  21  2:11  Queen x2  
  25  2:16  Drone x2  
  25  2:22  Drone x2  
  29  2:29  Drone  
  30  2:35  Drone  
  31  2:39  Overlord  
  31  2:43  Drone  
  32  2:49  Lair, Queen  
  34  2:58  Drone x2  
  34  3:04  Drone  
  37  3:06  Drone  
  38  3:13  Roach Warren  
  38  3:14  Drone  
  38  3:25  Drone x4  
  38  3:27  Overlord  
  42  3:37  Drone x2  
  42  3:39  Overlord  
  44  3:55  Hatchery  
  43  3:57  Roach x6  
  43  3:58  Roach  
  43  3:59  Roach  
  43  4:01  Overlord  
  59  4:10  Drone  
  60  4:19  Extractor  
  60  4:20  Drone x2  
  60  4:21  Extractor  
  60  4:24  Drone x2  
  62  4:52  Extractor  
  61  4:55  Drone  
  62  5:21  Drone x3  
  62  5:22  Drone x6  
  62  5:23  Drone x2  
  62  5:24  Overlord, Drone  
  74  5:52  Extractor  
  74  5:55  Hatchery  
  72  5:57  Extractor  
  71  6:05  Hydralisk Den  
  71  6:07  Evolution Chamber  
  71  6:10  Drone x4  
  71  6:11  Drone x7  
  77  6:12  Overlord  
  77  6:15  Hatchery  
  77  6:35  Queen  
  79  6:50  Drone  
  80  7:16  Grooved Spines, Evolution Chamber  
  80  7:20  Drone x4  
  80  7:21  Drone x8  
  80  7:22  Drone x5  
  96  7:23  Overlord  
  96  7:24  Overlord x7  
  96  7:32  Zerg Missile Weapons Level 1  
  96  7:42  Hatchery  
  95  8:01  Extractor  
  95  8:02  Drone x8  
  95  8:03  Hydralisk x2, Drone  
  95  8:04  Extractor, Hydralisk x4  
  114  8:24  Hydralisk  
  114  8:25  Hydralisk x8  
  114  8:26  Hydralisk x2  
  136  8:27  Hydralisk, Muscular Augments  
  136  8:28  Hydralisk  
  136  8:29  Overlord  
  140  8:35  Hydralisk x2  
  140  8:36  Hydralisk x6  
  140  8:39  Overlord  
  156  8:50  Hydralisk  
  156  8:51  Hydralisk x5  
  168  8:58  Hydralisk x3  
  168  8:59  Hydralisk x4  
  182  9:04  Hydralisk x3  
  188  9:19  Overlord x4  
Show
View Real Time Build Order
Export as new Build Order

A.I. 1 (Very Easy) Zerg - Winner!

Build Orders: Pool First 

Get SALT Encoding   

  12  0:00  Drone  
  13  0:12  Overlord  
  13  0:16  Drone  
  14  0:34  Spawning Pool  
  13  0:38  Drone  
  13  0:41  Extractor  
  13  0:45  Drone  
  14  0:52  Overlord  
  14  1:22  Zergling x2  
  14  1:23  Queen  
  17  1:32  Roach Warren  
  16  1:33  Extractor  
  16  1:37  Drone  
  16  1:41  Zergling x2  
  16  1:45  Drone  
  18  1:59  Drone  
  18  2:01  Zergling x2  
  20  2:10  Drone  
  21  2:20  Drone  
  22  2:29  Drone  
  23  2:32  Overlord  
  23  2:36  Drone  
  24  2:43  Drone  
  25  5:55  Lair, Overlord, Drone, Roach  
  28  6:02  Drone  
  29  6:09  Drone  
  30  6:16  Drone  
  31  6:23  Drone  
  29  6:37  Roach  
  31  6:52  Overseer  
  31  6:55  Overseer  
  31  7:19  Roach  
  33  7:23  Hatchery  
  32  8:35  Drone  
  33  8:43  Drone  
  33  8:46  Extractor  
  33  8:48  Extractor  
  33  8:50  Drone  
  33  8:57  Drone  
  34  9:04  Drone  
  35  9:11  Drone  
  36  9:18  Drone  
  37  9:26  Drone  
Tags
 
League
Gold
Matchup
ZvZ
Race
Zerg
Spawn Locations
Cross Positions
Add a new tag
Caveats
  • Supply blocks, unpowered buildings, or Contaminate may cause inaccurate times.
  • Supply counts are checked every 10 seconds.